 Dungeon Crawl Stone Soup version 0.31-a0-202-g547052bce9 (webtiles) character file.

Game seed: 9819579037765192319

27813 BubbleThief the Thaumaturge (level 13, -6/130 HPs)
             Began as a Naga Fire Elementalist on June 26, 2023.
             Was a High Priest of Sif Muna.
             Mangled by Rupert
             ... wielding a +4 great sword of electrocution
              (23 damage)
             ... on level 5 of the Lair of Beasts on June 27, 2023.
             The game lasted 00:30:08 (14258 turns).

BubbleThief the Thaumaturge (NaFE)                 Turns: 14258, Time: 00:30:09

Health: -6/130     AC: 11    Str: 10    XL:     13   Next: 34%
Magic:  29/29      EV: 15    Int: 26    God:    Sif Muna [*****.]
Gold:   600        SH:  0    Dex: 13    Spells: 32/37 levels left

rFire   . . .        C - +5 dire flail (heavy)
rCold   . . .        (shield currently unavailable)
rNeg    . . .        K - +1 steam dragon scales
rPois   +            o - +2 hat
rElec   .            (no cloak)
rCorr   .            d - +1 pair of gloves "Ydad" {Slay+6}
SInv    +            (no barding)
Will    +....        A - amulet of magic regeneration
Stlth   ++           g - +6 ring of intelligence
HPRegen 0.41/turn    I - +5 ring of evasion
MPRegen 0.61/turn

%: no passive effects
@: very slow
A: AC +4, large, see invisible, deformed body, poison resistance, slowness 2,
spit poison 1, naga tail 2
a: Spit Poison, Renounce Religion, Channel Magic, Forget Spell, Divine Exegesis


You were on level 5 of the Lair of Beasts.
You worshipped Sif Muna.
Sif Muna was extremely pleased with you.
You visited 2 branches of the dungeon, and saw 14 of its levels.

You collected 600 gold pieces.

Inventory:

Hand Weapons
 y - a +3 mace of holy wrath
 C - a +5 heavy dire flail (weapon)
Missiles
 m - 5 datura-tipped darts
Armour
 d - the +1 pair of gloves "Ydad" (worn) {Slay+6}
   (You acquired it on level 1 of the Lair of Beasts)

   Slay:      It affects your accuracy & damage with ranged weapons and melee
   (+6).
 k - a +0 helmet
 o - a +2 hat (worn)
 K - +1 steam dragon scales (worn)
Jewellery
 f - a ring of resist corrosion
 g - a +6 ring of intelligence (left hand)
 p - a ring of willpower
 w - an amulet of regeneration
 z - a ring of magical power
 A - an amulet of magic regeneration (around neck)
 I - a +5 ring of evasion (right hand)
Wands
 a - a wand of acid (16)
 q - a wand of digging (5)
 r - a wand of flame (5)
 s - a wand of polymorph (8)
 E - a wand of iceblast (26)
Scrolls
 c - 5 scrolls of teleportation
 e - 4 scrolls of poison
 l - 4 scrolls of revelation
 n - a scroll of fog
 t - a scroll of identify
 G - 3 scrolls of enchant armour
 N - a scroll of enchant weapon
Potions
 b - 3 potions of magic
 h - 3 potions of attraction
 u - 2 potions of brilliance {unknown}
 v - a potion of curing {unknown}
 x - 5 potions of heal wounds
 D - a potion of ambrosia
 F - 3 potions of haste
 J - 2 potions of lignification {unknown}
 L - a potion of mutation
 M - 2 potions of might


   Skills:
 + Level 12.4 Fighting
 - Level 1.5 Dodging
 - Level 3.0 Stealth
 + Level 12.5 Spellcasting
 - Level 10.2 Conjurations
 - Level 9.0 Fire Magic


You had 32 spell levels left.
You knew the following spells:

 Your Spells              Type           Power      Damage    Failure   Level
a - Foxfire               Conj/Fire      100%       2x1d9     1%          1
b - Flame Wave            Conj/Fire      60%        2d14      1%          4

Your spell library contained the following spells:

 Spells                   Type           Power      Damage    Failure   Level
 Scorch                   Fire           100%       2d9       1%          2
 Inner Flame              Hex/Fire       39%        N/A       1%          3
 Stone Arrow              Conj/Erth      84%        3d12      1%          3
 Volatile Blastmotes      Fire/Tloc      78%        2d16      1%          3
 Ignite Poison            Fire/Tmut/Pois 31%        N/A       3%          3
 Cigotuvi's Dreadful Rot  Necr/Pois/Air  32%        N/A       5%          2
 Starburst                Conj/Fire      30%        6d9       11%         6
 Freezing Cloud           Conj/Ice/Air   17%        6-21      24%         5
 Animate Armour           Summ/Erth      32%        N/A       34%         4
 Petrify                  Tmut/Erth      16%        N/A       34%         4
 Plasma Beam              Fire/Air       19%        2x1d31    65%         6
 Lee's Rapid Deconstruct  Erth           8%         3d7*      69%         5


Dungeon Overview and Level Annotations

Branches:
Dungeon (9/15)             Temple (0/1) D:7            Lair (5/5) D:9
 Shoals (0/4) Lair:2       Spider (0/4) Lair:2        Slime (0/5) Lair:4
    Orc: D:9-12

Altars:
Ashenzari
Cheibriados
Dithmenos
Elyvilon
Hepliaklqana
Kikubaaqudgha
Makhleb
Nemelex Xobeh
Ru
Sif Muna
Trog
Xom
Jiyva

Shops:
D:5 *   D:8 :

Annotations:
D:3 2 runed translucent doors, Dylgear's ghost, novice FoFi
Lair:2 3 runed translucent doors, superbruh's ghost, journeyman DsMo
Lair:5 Rupert


Innate Abilities, Weirdness & Mutations

Your serpentine skin is tough. (AC +4)
You have supernaturally acute eyesight. (SInv)
Armour fits poorly on your strangely shaped body.
Your system is resistant to poisons. (rPois)
You cover ground very slowly.
You can spit poison.
You can use your snake-like lower body to constrict enemies.


Message History

The cane toad stings you but does no damage.
The komodo dragon bites you!! The wyvern bites you!
Rupert roars madly and goes into a rage!
Rupert goes berserk!
The basilisk bites you. The cane toad stings you. The wyvern bites you!
The komodo dragon bites you. The wyvern bites you. The basilisk bites you!
The cane toad stings you but does no damage.
A rime drake comes into view.
The rime drake hisses angrily.
The wyvern bites you but does no damage.
The cane toad stings you but does no damage.
The basilisk gazes at you.
Rupert hits you with a +4 great sword of electrocution.
The wyvern bites you.
A komodo dragon comes into view.
Rupert hits you with a +4 great sword of electrocution.
The cane toad stings you but does no damage.
The wyvern bites you but does no damage.
The basilisk gazes at you. You resist with almost no effort.
Rupert hits you with a +4 great sword of electrocution!!
* * * LOW HITPOINT WARNING * * *
The cane toad stings you.
* * * LOW HITPOINT WARNING * * *
You turn to flesh and can move again.
Unknown command.
Unknown command.
Unknown command.
As you read the scroll of fear, it crumbles to dust.
You assume a fearsome visage.
Rupert is unaffected.
The basilisk looks frightened!
The komodo dragon looks frightened!
The komodo dragon hisses angrily.
The cane toad looks frightened!
The wyvern looks frightened!
The komodo dragon looks frightened!
The rime drake looks frightened!
Rupert hits you with a +4 great sword of electrocution!
* * * LOW HITPOINT WARNING * * *
Rupert attacks as you move away! Rupert completely misses you.
Rupert hits you with a +4 great sword of electrocution!!
You die...

.... ......
.#...###.#P.##
#............#
#.............#
......#.......##.
#........<.......
#.......#........
#.P......###.....
##(.[.##@#####.#.
........@.Fl#..#
........†.......
.......†........
.....l..........
........l.......
...............l
......P......#..
##........P.###.


You could see Rupert (berserk), 2 komodo dragons, a cane toad (fleeing), a
basilisk (fleeing) and a wyvern (fleeing).

Vanquished Creatures
  A hydra (Lair:3)
  A boulder beetle (Lair:4)
  A fire crab (Lair:4)
  A skyshark (Lair:2)
  A swamp dragon (shapeshifter) (Lair:5)
  A large abomination (Lair:5)
  7 elephants (Lair:3)
  3 black mambas
  12 cane toads
  A smoke demon (Lair:5)
  8 komodo dragons
  A polar bear (Lair:2)
  A tarantella (Lair:2)
  4 hornets (Lair:4)
  4 blink frogs
  5 dream sheep (Lair:3)
  Sigmund (D:2)
  5 wyverns
  Eustachio (D:6)
  31 yaks
  Grum (D:8)
  5 basilisks
  2 steam dragons
  Menkaure (D:5)
  2 chaos spawn (Lair:5)
  Edmund (D:6)
  An acid dragon (D:8)
  10 water moccasins
  2 black bears
  An ice beast (D:5)
  2 sky beasts
  5 ogres
  15 wolves
  2 centaurs (D:7)
  A kobold brigand (D:8)
  12 bullfrogs
  Blork the orc (D:4)
  2 scorpions (D:6)
  A hound (D:7)
  3 jellies
  6 orc priests
  2 iguanas
  15 hell rats
  A sleepcap (D:4)
  5 orc wizards
  2 small abominations (Lair:5)
  Robin (D:2)
  7 gnolls (D:4)
  21 adders
  2 shadow imps
  3 white imps
  An ufetubus (D:6)
  3 worms
  3 dart slugs
  41 orcs
  6 bats
  7 endoplasms
  3 giant cockroaches
  22 goblins
  13 hobgoblins
  4 jackals
  15 kobolds
  4 quokkas
  4 ball pythons
  6 frilled lizards
  12 rats
369 creatures vanquished.

Vanquished Creatures (others)
  411 foxfires
411 creatures vanquished.

Grand Total: 780 creatures vanquished

Notes
Turn   | Place    | Note
-------+----------+-------------------------------------------
     0 | D:1      | BubbleThief the Naga Fire Elementalist began the quest for
                  | the Orb.
     0 | D:1      | Reached XP level 1. HP: 15/15 MP: 3/3
   142 | D:1      | Reached XP level 2. HP: 22/22 MP: 0/5
   481 | D:1      | Reached XP level 3. HP: 28/28 MP: 6/6
  1191 | D:2      | Noticed Sigmund
  1211 | D:2      | Killed Sigmund
  1212 | D:2      | Reached XP level 4. HP: 16/36 MP: 0/8
  1212 | D:2      | Reached XP level 5. HP: 19/42 MP: 0/9
  1565 | D:2      | Noticed Robin
  1780 | D:2      | Killed Robin
  1781 | D:2      | Reached XP level 6. HP: 42/49 MP: 5/10
  2141 | D:3      | Found a shimmering blue altar of Sif Muna.
  2161 | D:3      | Became a worshipper of Sif Muna the Loreminder
  2311 | D:3      | Found a runed translucent door.
  2331 | D:3      | Noticed Dylgear's ghost (novice FoFi)
  2347 | D:3      | Found a runed translucent door.
  2640 | D:3      | Reached * piety under Sif Muna
  3180 | D:3      | Learned a level 4 spell: Flame Wave
  3196 | D:4      | Noticed Blork the orc
  3202 | D:4      | Killed Blork the orc
  3203 | D:4      | Reached XP level 7. HP: 44/55 MP: 4/12
  3292 | D:4      | Found a hazy altar of Hepliaklqana.
  3439 | D:4      | Found a white marble altar of Elyvilon.
  3612 | D:4      | Found a snail-covered altar of Cheibriados.
  3710 | D:4      | Reached skill level 5 in Conjurations
  3710 | D:4      | Reached skill level 5 in Fire Magic
  3862 | D:4      | Reached ** piety under Sif Muna
  4091 | D:4      | Found a broken altar of Ashenzari.
  4699 | D:5      | Entered Level 5 of the Dungeon
  4931 | D:5      | Reached XP level 8. HP: 62/62 MP: 11/14
  5027 | D:5      | Found a sacrificial altar of Ru.
  5113 | D:5      | Noticed Menkaure
  5117 | D:5      | Killed Menkaure
  5202 | D:5      | Found Itikha's Assorted Antiques.
  5215 | D:5      | Found a sparkling altar of Nemelex Xobeh.
  5310 | D:5      | Found a bloodstained altar of Trog.
  5594 | D:6      | Noticed Edmund
  5605 | D:6      | Killed Edmund
  5622 | D:6      | Noticed Eustachio
  5641 | D:6      | Killed Eustachio
  5642 | D:6      | Reached skill level 5 in Spellcasting
  5781 | D:6      | Reached XP level 9. HP: 64/68 MP: 11/16
  6482 | D:7      | Found a shimmering altar of Xom.
  6555 | D:7      | Reached *** piety under Sif Muna
  6615 | D:7      | Found a burning altar of Makhleb.
  6976 | D:7      | Found a shadowy altar of Dithmenos.
  7257 | D:7      | Found a staircase to the Ecumenical Temple.
  7609 | D:8      | Reached XP level 10. HP: 75/75 MP: 17/19
  7688 | D:8      | Found Ulyjaveg's Self-Improvement Boutique.
  7856 | D:8      | Noticed Grum
  7861 | D:8      | Reached skill level 1 in Fighting
  7862 | D:8      | Killed Grum
  8145 | D:9      | Found a staircase to the Lair.
  8152 | Lair:1   | Entered Level 1 of the Lair of Beasts
  8174 | Lair:1   | Reached skill level 10 in Conjurations
  8186 | Lair:1   | Reached **** piety under Sif Muna
  8374 | Lair:1   | Noticed a cane toad
  8385 | Lair:1   | Killed a cane toad
  8386 | Lair:1   | Reached skill level 5 in Fighting
  8519 | Lair:1   | Noticed a black mamba
  8523 | Lair:1   | Killed a black mamba
  8759 | Lair:1   | Reached XP level 11. HP: 96/96 MP: 17/22
  9693 | Lair:1   | Identified a scroll of acquirement
  9693 | Lair:1   | Acquired the +1 pair of gloves "Ydad" {Slay+6}
 10120 | Lair:2   | Found a staircase to the Shoals.
 10584 | Lair:2   | Found a hole to the Spider Nest.
 10785 | Lair:2   | Noticed a skyshark
 10795 | Lair:2   | Killed a skyshark
 10796 | Lair:2   | Reached XP level 12. HP: 71/114 MP: 16/25
 10801 | Lair:2   | Reached skill level 10 in Spellcasting
 11030 | Lair:2   | Found a runed translucent gate.
 11030 | Lair:2   | Found a runed translucent gate.
 11031 | Lair:2   | Found a runed translucent gate.
 11362 | Lair:2   | Noticed superbruh's ghost (journeyman DsMo)
 11434 | Lair:3   | Reached ***** piety under Sif Muna
 11439 | Lair:3   | Received a gift from Sif Muna
 11443 | Lair:3   | Got Sif Muna's Incunable of Causimancy and the Quake {god
                  | gift}
 11743 | Lair:3   | Noticed a six-headed hydra
 11753 | Lair:3   | Killed a six-headed hydra
 11754 | Lair:3   | Reached skill level 10 in Fighting
 12874 | Lair:4   | Noticed a boulder beetle
 12886 | Lair:4   | Killed a boulder beetle
 13182 | Lair:4   | Gained mutation: You can use your snake-like lower body to
                  | constrict enemies. [Naga growth]
 13182 | Lair:4   | Reached XP level 13. HP: 127/127 MP: 19/28
 13256 | Lair:4   | Found an ancient bone altar of Kikubaaqudgha.
 13761 | Lair:4   | Found a viscous altar of Jiyva.
 13762 | Lair:4   | Found a staircase to the Slime Pits.
 14035 | Lair:5   | Entered Level 5 of the Lair of Beasts
 14246 | Lair:5   | Noticed Rupert
 14258 | Lair:5   | Mangled by Rupert

Illustrated notes

Levels and vault maps discovered:
D:1:      wander_arrival_chamber, layout_basic, amethyst_killhole,
          chequers_serial_rivers_micro_a
D:2:      layout_loops_ring, minmay_misc_feat_rows, uniq_robin, uniq_sigmund
D:3:      corexii_shack_village, layout_loops_ring,
          mainiacjoe_overflow_small_starburst, ebering_ghost_sewer_f,
          nicolae_half_adder
D:4:      layout_loops_ring, mainiacjoe_overflow_boulevard,
          cheibrodos_ashenzari_chains, marbit_many_paths,
          nicolae_overflow_crystal_walls, kennysheep_generic_room_13,
          uniq_blork_the_orc
D:5:      layout_cave_pools, lemuel_coloured_pillars_altar,
          nemelex_xobeh_ov_fountains_minmay, general_overflow_altar,
          serial_shops, kennysheep_mini_moat, uniq_menkaure
D:6:      layout_loops_ring, uniq_eustachio, uniq_edmund
D:7:      layout_cave_pods, lemuel_doored_altar, overflow_temple_1_default,
          mainiacjoe_overflow_cross_hatched, minmay_temple_entry_nine_rooms
D:8:      layout_basic, nicolae_shop_self_help, uniq_grum
D:9:      layout_grid_maze, zin_academy, lair_entry_dummy, serial_shops,
          kennysheep_little_box, uniq_joseph, uniq_maggie
Lair:1:   layout_layer_cave, patterned_corridor, grunt_megastairs_1
Lair:2:   layout_regular_city, elwin_shoals_entry_rocks,
          spider_nest_entry_rubble, ebering_ghost_rock_garden,
          serial_bayou_shore_b, lemuel_fruit_tree, grunt_megastairs_4
Lair:3:   layout_hall_layers, serial_bayou_shore_b, infiniplex_staircase_pool
Lair:4:   minmay_lair_venomous_thicket, layout_regular_city,
          dpeg_slime_entry_enclosed, basic_altar, columned_hall_lemuel,
          grunt_forest_small_clearing_treed
Lair:5:   hellmonk_lair_end_abyssal_woods, layout_regular_city, uniq_rupert

Skill      XL: |  1  2  3  4  5  6  7  8  9 10 11 12 13 |
---------------+----------------------------------------+-----
Conjurations   | 2 3 4 5 7 8 10 | 10.2
Spellcasting   | 3 4 5 6 7 9 11 12 | 12.5
Fire Magic     | 4 5 7 9 |  9.0
Fighting       | 5 9 11 12 | 12.4
Dodging        | |  1.5
Stealth        | |  3.0

Action                     |  1- 3 |  4- 6 |  7- 9 | 10-12 | 13-15 || total
---------------------------+-------+-------+-------+-------+-------++-------
  Melee: Unarmed           |    13 |       |       |       |       ||    13
         Dagger            |     7 |    19 |     6 |       |       ||    32
         Mace              |       |       |    27 |       |       ||    27
         Dire flail        |       |       |    11 |    37 |    11 ||    59
         Constrict         |       |       |       |       |     3 ||     3
   Cast: Foxfire           |    56 |    77 |   106 |    28 |       ||   267
         Flame Wave        |       |     1 |    35 |    81 |    19 ||   136
Ability: Spit Poison       |    20 |    17 |    25 |    23 |     3 ||    88
    Use: Scroll            |       |       |       |    15 |     8 ||    23
   Stab: Sleeping          |       |     1 |     3 |       |       ||     4
 Armour: Robe              |     4 |    17 |    66 |       |       ||    87
         Steam dragon scal |       |       |       |    84 |    37 ||   121
  Dodge: Dodged            |    21 |    26 |    71 |   186 |    46 ||   350

Table legend: (Time is in decaauts)
 A = Elapsed time spent in this place.
 B = Non-inter-level travel time spent in this place.
 C = Inter-level travel time spent in this place.
 D = Time resting spent in this place.
 E = Time spent auto-exploring this place.
 F = Levels seen in this place.
 G = Mean time per level.
                   A        B        C        D        E       F      G
               +--------+--------+--------+--------+--------+-----+--------+
         Total |  17717 |  17146 |    571 |   1145 |  13548 |  14 | 1265.5 |
       Dungeon |  10229 |   9886 |    343 |     61 |   8292 |   9 | 1136.6 |
          Lair |   7487 |   7259 |    228 |   1083 |   5255 |   5 | 1497.4 |
               +--------+--------+--------+--------+--------+-----+--------+

Top non-repeatable levels by time:
  Lair:1: 2243 daAuts
  Lair:2: 2028 daAuts
  Lair:4: 1908 daAuts
     D:4: 1841 daAuts
     D:3: 1468 daAuts
     D:7: 1354 daAuts
     D:2: 1282 daAuts
  Lair:3: 1201 daAuts
     D:1: 1200 daAuts
     D:6: 1029 daAuts
     D:8: 1010 daAuts
     D:5: 997 daAuts
  Lair:5: 105 daAuts
     D:9: 46 daAuts
